 Dungeon Crawl Stone Soup version 0.20.0-6-gd3061e9 (webtiles) character file.

1683 xgamer67 the Conjurer (level 8, 0/63 HPs)
             Began as a Demigod Air Elementalist on May 28, 2017.
             Slain by an orc warrior
             ... wielding a +0 dire flail
              (17 damage)
             ... on level 8 of the Dungeon.
             The game lasted 00:24:20 (7907 turns).

xgamer67 the Conjurer (Demigod Air Elementalist)    Turns: 7907, Time: 00:24:21

Health: 0/63       AC:  6    Str: 18    XL:     8   Next: 43%
Magic:  14/14      EV: 12    Int: 19    God:
Gold:   427        SH:  7    Dex: 16    Spells: 4/11 levels left

rFire    . . .     SeeInvis +   a - +0 hand axe (elec)
rCold    . . .     Gourm    .   z - +2 buckler
rNeg     . . .     Faith    .   C - +2 robe "Fyntimuto" {rCorr Str+3 SInv}
rPois    .         Spirit   .   l - +0 helmet
rElec    .         Reflect  .   (no cloak)
rCorr    +         Harm     .   (no gloves)
MR       .....                  f - +0 pair of boots
Stlth    ++........             (no amulet)
Regen    0.2/turn               E - ring of see invisible
MPRegen  0.2/turn               (no ring)

@: about to teleport
A: high mp 1
a: no special abilities


You were on level 8 of the Dungeon.
You were not hungry.

You visited 1 branch of the dungeon, and saw 8 of its levels.

You collected 427 gold pieces.

Inventory:

Hand Weapons
 a - a +0 hand axe of electrocution (weapon)
 h - a +0 hunting sling
 q - a +0 broad axe
 s - a +0 blowgun
 t - a +1 dagger
 F - a +2 morningstar of draining
Missiles
 g - 30 poisoned needles
 i - 184 stones (quivered)
Armour
 f - a +0 pair of boots (worn)
 l - a +0 helmet (worn)
 z - a +2 buckler (worn)
 C - the +2 robe "Fyntimuto" (worn) {rCorr Str+3 SInv}
   (You found it on level 5 of the Dungeon)

   It affects your strength (+3).
   It lets you see invisible.
   It protects you from acid and corrosion.
Jewellery
 E - a ring of see invisible (left hand)
Wands
 n - a wand of iceblast (9/15)
 p - a wand of clouds (6/9)
 G - a wand of acid (6/15)
Scrolls
 j - 2 scrolls of enchant weapon
 o - 3 scrolls of teleportation
 r - 2 scrolls of magic mapping
 u - a scroll of amnesia {unknown}
 v - a scroll of recharging {unknown}
 w - a scroll of blinking
 y - 2 scrolls of remove curse
 A - a scroll of fog {unknown}
 H - a scroll of enchant armour {unknown}
 I - a scroll of noise {unknown}
Potions
 d - 6 potions of agility
 e - a potion of brilliance
 k - a potion of haste
 D - a potion of mutation
 J - a potion of might {unknown}
Books
 b - a book of Air

   Spells                             Type                      Level
   a - Shock                          Conjuration/Air              1
   b - Swiftness                      Charms/Air                   2
   c - Static Discharge               Conjuration/Air              3
   d - Airstrike                      Air                          4
   e - Lightning Bolt                 Conjuration/Air              5
Comestibles
 c - 4 bread rations
 m - 2 meat rations
 x - 2 royal jellies
 B - 4 fruits
 K - 2 chunks of flesh


   Skills:
 + Level 3.1 Fighting
 - Level 1.7 Dodging
 - Level 1.7 Stealth
 - Level 4.1 Shields
 - Level 2.1 Spellcasting
 + Level 6.9 Conjurations
 - Level 2.0 Charms
 - Level 5.0 Air Magic


You had 4 spell levels left.
You knew the following spells:

 Your Spells              Type           Power        Failure   Level  Hunger
a - Shock                 Conj/Air       ###.         1%          1    #......
d - Airstrike             Air            ###.......   22%         4    #####..
A - Swiftness             Chrm/Air       ###.....     6%          2    ##.....


Dungeon Overview and Level Annotations

Branches:
Dungeon (8/15)             Temple (0/1) D:7            Lair (0/6) D:8

Annotations:
D:3 exclusions: orc and orc priest, Sigmund
D:4 exclusion: howler monkey
D:5 exclusions: orc, orc wizard and sky beast, Dowan, Duvessa
D:6 exclusion: slave, Edmund, Pikel
D:7 exclusion: hornet
D:8 exclusion: orc wizard


Innate Abilities, Weirdness & Mutations

You have an increased reservoir of magic. (+10% MP)


Message History

You see here a tomahawk.
The orc throws a tomahawk.
You block the tomahawk.
You see here a tomahawk.
The orc wizard hits you but does no damage.
The orc throws a tomahawk.
The tomahawk hits you.
You see here a tomahawk.
You closely miss the orc wizard. You hit the orc.
You hit the orc warrior but do no damage.
The orc warrior closely misses you.
The orc wizard mumbles some strange words.
The orc wizard flickers and vanishes for a moment.
The orc hits you but does no damage. The orc warrior hits you with a mace!
The orc hits you but does no damage.
The orc wizard hits you with a falchion.
* * * LOW HITPOINT WARNING * * *
The orc barely misses you.
As you read the scroll of teleportation, it crumbles to dust.
You feel strangely unstable.
The orc warrior hits you with a dire flail!
You die...

...........# #.....##.#
#.
####.......###.)...##.#
#. #........##.....##.#
#. #........##.....##.#
#. ######....(.....##.#
#. #...(......##.# #.
#.Ooo..)...##.# #.
#.ooo..##### # #.
#o...# #..@o..# .# #.
#....# #......######.#
#. #....#
#.............# #.
#....# #####.........#
#. ..... #....≈....# #.
... #....≈....# ###.
#.###### #.........#
#... #.##...#
#......o..# #...
#.#.... #####.........#
#...


You could see a two-headed ogre, 2 orc warriors, an orc wizard (invisible) and 3
orcs.

Vanquished Creatures
  2 hippogriffs (D:8)
  A water moccasin (D:8)
  A phantom (D:4)
  2 bullfrogs (D:6)
  A killer bee (D:7)
  4 crimson imps
  A jelly (D:5)
  2 hounds
  2 orc priests
  3 orc wizards
  4 bullfrog skeletons
  4 iguanas
  7 worker ants
  A hound skeleton (D:4)
  3 gnolls (D:7)
  3 adders
  An adder skeleton (D:4)
  2 adder zombies
  4 worms
  4 dart slugs
  4 leopard geckos
  18 orcs
  5 bats
  2 giant cockroaches
  4 hobgoblins
  7 jackals
  9 kobolds
  6 quokkas
  2 ball pythons
  5 frilled lizards
  7 goblins
  2 leopard gecko skeletons
  A quokka zombie (D:7)
  9 rats
133 creatures vanquished.

Notes
Turn   | Place    | Note
-------+----------+-------------------------------------------
     0 | D:1      | xgamer67 the Demigod Air Elementalist began the quest for the Orb.
     0 | D:1      | Reached XP level 1. HP: 14/14 MP: 5/5
    75 | D:1      | Reached skill level 1 in Conjurations
   801 | D:1      | Reached XP level 2. HP: 20/20 MP: 7/7
   805 | D:1      | Learned a level 2 spell: Swiftness
  1305 | D:2      | Reached skill level 1 in Charms
  1305 | D:2      | Reached XP level 3. HP: 26/26 MP: 5/8
  1343 | D:2      | Reached skill level 2 in Conjurations
  2449 | D:3      | Reached XP level 4. HP: 15/33 MP: 1/9
  2701 | D:3      | Noticed Sigmund
  3020 | D:3      | Reached skill level 3 in Conjurations
  3242 | D:4      | Reached XP level 5. HP: 27/38 MP: 10/10
  3414 | D:4      | Found a burning altar of Makhleb.
  3687 | D:4      | Learned a level 4 spell: Airstrike
  4364 | D:4      | Noticed a phantom
  4401 | D:4      | Reached XP level 6. HP: 39/45 MP: 9/12
  4556 | D:5      | Entered Level 5 of the Dungeon
  4615 | D:5      | Reached skill level 4 in Conjurations
  4625 | D:5      | Got a silken robe
  4954 | D:5      | Reached skill level 1 in Shields
  5029 | D:5      | Reached skill level 5 in Air Magic
  5142 | D:5      | Identified the +2 robe "Fyntimuto" {rCorr Str+3 SInv} (You found it on level 5 of the Dungeon)
  5447 | D:5      | Reached XP level 7. HP: 50/50 MP: 10/13
  5521 | D:5      | Noticed Duvessa
  5521 | D:5      | Noticed Dowan
  6156 | D:6      | Reached skill level 5 in Conjurations
  6244 | D:6      | Noticed Edmund
  6385 | D:6      | Noticed Pikel
  6735 | D:7      | Found a staircase to the Ecumenical Temple.
  6735 | D:7      | Noticed a hornet
  7088 | D:8      | Found a staircase to the Lair.
  7253 | D:8      | Noticed a two-headed ogre
  7307 | D:8      | Reached skill level 6 in Conjurations
  7307 | D:8      | Reached XP level 8. HP: 46/57 MP: 7/14
  7514 | D:8      | Noticed a hippogriff
  7535 | D:8      | Killed a hippogriff
  7641 | D:8      | Noticed a hippogriff
  7663 | D:8      | Killed a hippogriff
  7907 | D:8      | Slain by an orc warrior

Skill      XL: |  1  2  3  4  5  6  7  8 |
---------------+-------------------------+-----
Conjurations   | 1 2 3 4 6 |  6.9
Air Magic      | 3 4 5 |  5.0
Charms         | 1 2 |  2.0
Spellcasting   | 2 |  2.1
Shields        | 1 4 |  4.1
Fighting       | 3 |  3.1
Dodging        | |  1.7
Stealth        | |  1.7

Action                   |  1- 3 |  4- 6 |  7- 9 || total
-------------------------+-------+-------+-------++-------
Melee: Dagger            |   128 |   101 |       ||   229
       Morningstar       |       |       |    40 ||    40
       Hand axe          |       |       |    61 ||    61
Throw: Stone             |       |     1 |       ||     1
 Cast: Shock             |    38 |    77 |    41 ||   156
       Swiftness         |       |       |     1 ||     1
Evoke: Wand              |       |     1 |       ||     1
  Use: Scroll            |     3 |     5 |     7 ||    15
       Potion            |       |       |     1 ||     1
 Stab: Sleeping          |     5 |     5 |     2 ||    12
       Distracted        |     2 |       |       ||     2
  Eat: Chunk             |     5 |    11 |     8 ||    24
Armor: Robe              |     2 |     4 |    35 ||    41
       Leather armour    |    46 |    35 |       ||    81
Dodge: Dodged            |    90 |    87 |    72 ||   249
Block: Buckler           |       |    18 |    58 ||    76
